AoeStats
← Iamak3186

Arena

504057341Analyzed
1v1 RM · 1mo ago on Sep 3, 2026· 23m 49s· 2 players
Game mode
Random Map
Map size
Tiny (2 player)
Population
200
Speed
Normal
Resources
Standard
Victory
Conquest
Starting age
Dark Age
Ending age
Imperial Age
RankedLock teamsTeams togetherTeam positionsShared explorationLock speedFull tech treeHidden civsTurbo modeCheats
Victory
Defeat
🇮🇳 Japanese · India
1260
+17
🇩🇪 Lithuanians · Germany
1271
-17
Iamak3186
7:21 Loom
11:45 Feudal Age
13:08 Double-Bit Axe
15:36 Castle Age
13:50 Horse Collar
15:12 Scale Mail Armor
Miasei89
10:21 Feudal Age
11:15 Double-Bit Axe
11:44 Horse Collar
14:06 Castle Age
17:07 Loom
21:30 Wheelbarrow
Connection lost

Rejoining the realm…

Still unreachable

The connection could not be restored.

Session expired

The server has moved on; the page needs a fresh start.